 Dungeon Crawl Stone Soup version 0.30.1-11-g7821555f0a (webtiles) character file.

Game seed: 4050820249613408505

3847 VoiceoftheMysterons the Magician (level 10, -3/67 HPs)
             Began as a Djinni Ice Elementalist on Nov 28, 2023.
             Was a Priest of Ignis.
             Slain by a wyvern (11 damage)
             ... on level 10 of the Dungeon.
             The game lasted 00:30:21 (5406 turns).

VoiceoftheMysterons the Magician (DjIE)             Turns: 5406, Time: 00:30:22

Health: -3/67      AC:  4    Str:  7    XL:     10   Next: 41%
Gold:   128        EV: 20    Int: 21    God:    Ignis [***...] SH:  0 Dex: 19

rFire   + + +        C - +5 sling "Zybrelergh" {freeze, Dex+3}
rCold   . . .        (no shield)
rNeg    + . .        u - +2 robe {rC+ rF+}
rPois   ∞            (no helmet)
rElec   .            (no cloak)
rCorr   .            (no gloves)
SInv    .            (boots unavailable)
Will    +....        (no amulet)
Stlth   +++          c - +5 ring of evasion
HPRegen 0.31/turn    b - ring of the Wild Haggis {rN+ Int+2}
MPRegen 0.00/turn

%: infuse magic (-4 HP)
@: flying
A: sickness immunity, fire resistance 2, cold vulnerability 1, float, innate
caster, HP casting, extra vitality 1
a: Renounce Religion, Fiery Armour, Foxfire Swarm, Rising Flame


You were on level 10 of the Dungeon.
You worshipped Ignis.
Ignis was most pleased with you.
You visited 1 branch of the dungeon, and saw 10 of its levels.
You also visited: Sewer.

You collected 282 gold pieces.
You spent 154 gold pieces at shops.

Inventory:

Hand Weapons
 C - the +5 sling "Zybrelergh" (weapon) {freeze, Dex+3}
   (You found it on level 3 of the Dungeon)

   Dex:       It affects your dexterity (+3).
Missiles
 i - 16 poisoned darts
 r - 2 curare-tipped darts
Armour
 u - a +2 robe of resistance (worn)
Magical Staves
 w - the staff of earth "Zoahet" {rF+ Str+4}
   (You found it on level 4 of the Dungeon)

   [staff of earth]

   Your inability to study Earth Magic prevents you from drawing on the full
   power of this staff in melee.
   Base accuracy: +5 Base damage: 5 Base attack delay: 1.2 This weapon's minimum
   attack delay (0.6) is reached at skill level 12.
   Str:       It affects your strength (+4).
   rF:        It protects you from fire.
   It falls into the 'Staves' category.
   It is a one-handed weapon.
Jewellery
 b - the ring of the Wild Haggis (right hand) {rN+ Int+2}
   (You took it off a gnoll on level 5 of the Dungeon)

   [ring of positive energy]

   Int:       It affects your intelligence (+2).
   rN:        It protects you from negative energy.
 c - a +5 ring of evasion (left hand)
 m - a +6 ring of strength
 p - a ring of willpower
Wands
 h - a wand of flame (10)
 j - a wand of acid (3)
 s - a wand of paralysis (6)
Scrolls
 a - a scroll of enchant armour
 q - 2 scrolls of enchant weapon
 t - 2 scrolls of amnesia
 y - a scroll of immolation
 A - a scroll of brand weapon {unknown}
Potions
 d - 6 potions of curing
 e - a potion of lignification {unknown}
 f - a potion of degeneration {unknown}
 g - a potion of mutation {unknown}
 k - a potion of might {unknown}
 l - a potion of invisibility {unknown}
 v - 2 potions of flight
 x - a potion of cancellation {unknown}
 z - a potion of berserk rage {unknown}


   Skills:
 * Level 3.7 Fighting
 * Level 3.1 Short Blades
 * Level 2.1 Staves
 * Level 3.9 Ranged Weapons
 * Level 3.1 Throwing
 * Level 4.1 Armour
 * Level 6.0 Dodging
 * Level 3.9 Stealth
 * Level 6.8 Spellcasting
 * Level 2.2 Evocations


You knew the following spells:

 Your Spells              Type           Power      Damage    Failure   Level
a - Freeze                Ice            100%       1d10      1%          1
b - Frozen Ramparts       Ice            70%        1d11      1%          3
c - Ozocubu's Armour      Ice            35%        N/A       1%          3
d - Summon Ice Beast      Ice/Summ       35%        N/A       5%          4
e - Foxfire               Conj/Fire      100%       2x1d9     1%          1
f - Blink                 Tloc           70%        N/A       1%          2
g - Lesser Beckoning      Tloc           70%        N/A       1%          2
h - Airstrike             Air            17%        2d(3-19)  5%          4
Your spell library was empty.

Dungeon Overview and Level Annotations

Branches:
Dungeon (10/15)            Temple (0/1) D:5            Lair (0/5) D:10
  Sewer (visited)
    Orc: D:9-12

Altars:
Ashenzari
Cheibriados
Fedhas
Gozag
Hepliaklqana
Nemelex Xobeh
Okawaru
Trog
Xom
Zin
Ignis

Shops:
D:2 !   D:10 [:(

Portals:
Bailey: D:10


Innate Abilities, Weirdness & Mutations

You are immune to sickness and miasma.
You are immune to poison.
Your flesh is very heat resistant. (rF++)
You are vulnerable to cold. (rC-)
You float through the air rather than walking.
You learn spells naturally, not from books.
Your magical power is your life essence.
You have superior vitality. (+4 MHP)


Message History

The kobold throws a stone.
The stone closely misses you. The kobold attacks as you move away!
The kobold closely misses you. The kobold attacks as you move away!
The kobold hits you with a +0 short sword.
Found 19 gold pieces and a sapphire potion.
Found a scale mail.
The kobold closely misses you. The kobold closely misses you.
The wyvern attacks as you move away! The wyvern misses you.
You hear the faint creaking of a portcullis very nearby.
The wyvern completely misses you. The kobold attacks as you move away!
The kobold completely misses you. The kobold attacks as you move away!
The kobold barely misses you.
The kobold's inner flame fades away.
The wyvern closely misses you.
You see here a +0 scale mail.
The wyvern closely misses you. The wyvern attacks as you move away!
The wyvern closely misses you.
The wyvern bites you but does no damage.
The wyvern attacks as you move away! The wyvern bites you!!
The wyvern attacks as you move away! The wyvern barely misses you.
The wyvern bites you! The wyvern attacks as you move away!
The wyvern misses you.
The wyvern hisses menacingly.
The wyvern closely misses you. The wyvern attacks as you move away!
The wyvern barely misses you. The wyvern bites you!
* * * LOW HITPOINT WARNING * * *
The wyvern bites you!
* * * LOW HITPOINT WARNING * * *
You reach down and open the door.
The wyvern closely misses you.
Found a glass wand.
The wyvern misses you.
There is an open door here.
Found a flagged portal.
The wyvern closely misses you. The wyvern attacks as you move away!
The wyvern misses you. The wyvern completely misses you.
The wyvern barely misses you.
You see here a wand of acid (3).
j - a wand of acid (3)
The wyvern bites you!
You die...

..YYY,,,,,,,,,**
#####*,,,^Y..,,* #
*,,>,,..,,***** *
***,,,,,,..,,,,,* *
*,,,,,,,,,.,###,*
****,*,,,,,,,#.#8#,*
**,,,**,,,,,,#.#∩#,#
##.*****,,,,,#.8.#.#
..,* ******#,#@#.#
..** #.#l8.# .#*
#.#.#.# .## #.8K#.#
..# #.#.#.# K.#
#.#K8.# #.# #,#.#.#
#.##### **#K###
......##########.#


You could see a yak (wandering), a wyvern and 3 kobolds.

Vanquished Creatures
  2 kobold demonologists (D:10)
  A troll (D:10)
  2 hornets
  A dream sheep (D:9)
  2 wyverns (D:9)
  2 steam dragons
  Menkaure (D:5)
  A black bear (D:5)
  An orc warrior (D:9)
  An ogre (D:5)
  A centaur (D:5)
  A phantom (D:5)
  4 kobold brigands
  2 bullfrogs (D:9)
  A scorpion (D:4)
  3 wights (D:9)
  5 howler monkeys
  6 hounds
  A jelly (D:2)
  A sleepcap (D:5)
  4 iguanas
  4 orc wizards
  Ijyb (D:5)
  5 gnolls
  2 river rats (Sewer)
  5 adders
  A white imp (D:5)
  2 worms (D:5)
  3 dart slugs
  14 orcs
  5 bats
  14 endoplasms
  A giant cockroach (D:2)
  9 goblins
  6 hobgoblins
  5 jackals
  21 kobolds
  2 quokkas
  12 ball pythons
  2 frilled lizards (D:2)
  9 rats
166 creatures vanquished.

Vanquished Creatures (others)
  129 foxfires
129 creatures vanquished.

Grand Total: 295 creatures vanquished

Notes
Turn   | Place    | Note
-------+----------+-------------------------------------------
     0 | D:1      | VoiceoftheMysterons the Djinni Ice Elementalist began the
                  | quest for the Orb.
     0 | D:1      | VoiceoftheMysterons set off with the following spells
                  | memorised: Freeze, Frozen Ramparts, Ozocubu's Armour,
                  | Summon Ice Beast.
     0 | D:1      | Reached XP level 1. HP: 15/15 MP: 0/0
   144 | D:1      | Found a faded altar of an unknown god.
   177 | D:1      | Reached XP level 2. HP: 19/21 MP: 0/0
   192 | D:1      | Prayed at the altar of an unknown god.
   192 | D:1      | Became a worshipper of Ignis, the Dying Flame
   432 | D:2      | Reached XP level 3. HP: 17/25 MP: 0/0
   432 | D:2      | Learned a level 1 spell: Foxfire
   596 | D:3      | Reached XP level 4. HP: 11/31 MP: 0/0
   799 | D:4      | Reached skill level 1 in Fighting
   799 | D:4      | Reached XP level 5. HP: 22/37 MP: 0/0
   799 | D:4      | Learned a level 2 spell: Blink
   891 | D:4      | Reached skill level 1 in Armour
   999 | D:5      | Entered Level 5 of the Dungeon
  1004 | D:5      | Found a staircase to the Ecumenical Temple.
  1013 | D:5      | Found a shimmering altar of Xom.
  1017 | D:5      | Noticed an ogre
  1018 | D:5      | Found a glowing drain.
  1029 | D:5      | Reached XP level 6. HP: 31/42 MP: 0/0
  1035 | D:5      | Killed an ogre
  1036 | D:5      | Reached skill level 1 in Throwing
  1052 | Sewer    | Entered a sewer
  1127 | Sewer    | Reached XP level 7. HP: 47/47 MP: 0/0
  1127 | Sewer    | Learned a level 2 spell: Lesser Beckoning
  1462 | Sewer    | Reached skill level 5 in Spellcasting
  1725 | D:5      | Reached skill level 1 in Short Blades
  1725 | D:5      | Reached XP level 8. HP: 14/54 MP: 0/0
  1936 | D:5      | Noticed Ijyb
  1948 | D:5      | Killed Ijyb
  2176 | D:5      | Found a snail-covered altar of Cheibriados.
  2254 | D:5      | Found a broken altar of Ashenzari.
  2303 | D:5      | Noticed Menkaure
  2326 | D:5      | Killed Menkaure
  2327 | D:5      | Reached skill level 5 in Dodging
  2481 | D:5      | Identified the ring of the Wild Haggis {rN+ Int+2}
  2538 | D:5      | Found a broken altar of Ashenzari.
  2651 | D:5      | Found a sparkling altar of Nemelex Xobeh.
  2727 | D:5      | Found an iron altar of Okawaru.
  2990 | D:4      | Found a glowing silver altar of Zin.
  3021 | D:4      | Identified the staff of earth "Zoahet" {rF+ Str+4}
  3053 | D:4      | Reached XP level 9. HP: 55/59 MP: 0/0
  3053 | D:4      | Learned a level 4 spell: Airstrike
  3236 | D:4      | Found an opulent altar of Gozag.
  3237 | D:4      | Found a hazy altar of Hepliaklqana.
  3520 | D:3      | Found a bloodstained altar of Trog.
  3666 | D:3      | Identified the +5 sling "Zybrelergh" {freeze, Dex+3}
  3756 | D:2      | Found Ciwojef's Distillery.
  3778 | D:2      | Bought a potion of curing for 33 gold pieces
  3778 | D:2      | Bought a potion of curing for 33 gold pieces
  3778 | D:2      | Bought a potion of curing for 33 gold pieces
  3778 | D:2      | Bought a potion of heal wounds for 55 gold pieces
  4794 | D:8      | Noticed a hornet
  4810 | D:8      | Killed a hornet
  4811 | D:8      | Reached skill level 1 in Ranged Weapons
  4972 | D:9      | Reached skill level 1 in Staves
  4972 | D:9      | Reached skill level 1 in Evocations
  5002 | D:9      | Noticed a hornet
  5044 | D:9      | Killed a hornet
  5109 | D:9      | Reached XP level 10. HP: 49/67 MP: 0/0
  5224 | D:9      | Found a shimmering altar of Xom.
  5233 | D:10     | Entered Level 10 of the Dungeon
  5233 | D:10     | Found Intucowo's Antique Weapon Emporium.
  5236 | D:10     | Found Ickotas's Book Emporium.
  5267 | D:10     | Found Zunattir's Antique Armour Boutique.
  5298 | D:10     | Found a blossoming altar of Fedhas.
  5357 | D:10     | Noticed a kobold demonologist
  5361 | D:10     | Noticed a kobold demonologist
  5363 | D:10     | Killed a kobold demonologist
  5363 | D:10     | Killed a kobold demonologist
  5400 | D:10     | Found a flagged portal.
  5406 | D:10     | Slain by a wyvern

Illustrated notes

Levels and vault maps discovered:
D:1:      dpeg_arrival_tiny_a, layout_rooms, basic_ecumenical_altar
D:2:      cheibrodos_fertilizer, layout_basic, serial_shops,
          nicolae_shop_industrial_runoff
D:3:      layout_basic, mainiacjoe_overflow_paths
D:4:      layout_loops_cross, mainiacjoe_overflow_six_doors_small,
          nicolae_overflow_two_pavilions, minmay_close_crescents
D:5:      layout_cave_pools, mainiacjoe_overflow_tiny_flanked,
          cheibrodos_worm_habitat, kennysheep_little_box,
          mainiacjoe_overflow_big_doors, mainiacjoe_overflow_surrounded_room,
          minmay_temple_entry_tees, cheibrodos_sewer_entry_drain,
          hangedman_feature_mirror, minmay_checkerbox, uniq_menkaure, uniq_ijyb
D:6:      layout_layer_cave, nicolae_inconvenience_store,
          kennysheep_generic_room_4, uniq_sigmund, uniq_crazy_yiuf_cottage
D:7:      layout_layer_cave, mainiacjoe_overflow_small_starburst
D:8:      minmay_the_grid_triangle_9x9_rhombus_thin
          [minmay_the_grid_triangle_9x9_skeleton,
          minmay_the_grid_triangle_9x9_prize_top_heavy,
          minmay_the_grid_triangle_9x9_longest,
          minmay_the_grid_triangle_9x9_sprig], layout_layer_cave,
          old_standard_altar, gammafunk_ghost_grave
D:9:      layout_basic, xom_shifter_show, dreamdust_gnoll_shepherd
D:10:     layout_rooms, lemuel_tele_altar, dpeg_oklobed_lair, serial_shops,
          nicolae_shop_stone, nicolae_shop_tiny_glass, nicolae_shop_crystal,
          enter_bailey_8

Skill      XL: |  1  2  3  4  5  6  7  8  9 10 |
---------------+-------------------------------+-----
Spellcasting   | 4 5 6 |  6.8
Stealth        | 2 3 |  3.9
Fighting       | 1 2 3 |  3.7
Armour         | 1 2 3 4 |  4.1
Dodging        | 3 4 5 6 |  6.0
Throwing       | 1 2 3 |  3.1
Short Blades   | 1 2 3 |  3.1
Ranged Weapons | 2 3 |  3.9
Staves         | 1 2 |  2.1
Evocations     | 1 2 |  2.2

Action                     |  1- 3 |  4- 6 |  7- 9 | 10-12 || total
---------------------------+-------+-------+-------+-------++-------
  Melee: Unarmed           |     1 |       |       |       ||     1
         Short sword       |       |       |    64 |       ||    64
         Staff             |       |       |    16 |       ||    16
   Fire: Sling             |       |       |    71 |    30 ||   101
  Throw: Dart              |       |       |     4 |       ||     4
   Cast: Freeze            |    24 |    13 |    48 |     8 ||    93
         Foxfire           |     6 |    13 |    33 |     2 ||    54
         Frozen Ramparts   |     1 |     2 |    13 |       ||    16
         Ozocubu's Armour  |       |       |     4 |     2 ||     6
         Airstrike         |       |       |     6 |       ||     6
         Blink             |       |       |     1 |       ||     1
 Invoke: Foxfire Swarm     |     1 |       |     2 |       ||     3
         Fiery Armour      |       |       |     1 |       ||     1
    Use: Scroll            |     2 |     2 |    10 |     5 ||    19
         Potion            |       |       |     6 |     1 ||     7
   Stab: Sleeping          |       |       |     9 |       ||     9
 Armour: Robe              |     4 |     7 |    22 |     4 ||    37
  Dodge: Dodged            |    35 |    40 |   284 |    68 ||   427
